 Dungeon Crawl Stone Soup version 0.29.0-5-ge4962eb29e (webtiles) character file.

Game seed: 9652763022485257589

10279 LabCoat the Severer (level 11, -2/95 HPs)
             Began as a Hill Orc Fighter on Aug 29, 2022.
             Was a Believer of Trog.
             Slain by a blink frog (6 damage)
             ... on level 1 of the Lair of Beasts.
             The game lasted 00:41:18 (11783 turns).

LabCoat the Severer (Hill Orc Fighter)             Turns: 11783, Time: 00:41:19

Health: -2/95      AC: 21    Str: 24    XL:     11   Next: 59%
Magic:  20/20      EV:  7    Int:  8    God:    Trog [**....]
Gold:   341        SH:  5    Dex: 10    Spells: 10/10 levels left

rFire   . . .      SeeInvis +   a - +0 war axe
rCold   . . .      Faith    .   c - +0 buckler
rNeg    . . .      Spirit   .   l - +0 plate armour
rPois   +          Reflect  .   s - +2 helmet {SInv}
rElec   .          Harm     .   e - +0 cloak
rCorr   .          Rampage  .   m - +0 pair of gloves
Will    .....                   J - +0 pair of boots
Stlth   ..........              (no amulet)
HPRegen 0.25/turn               o - ring of magical power
MPRegen 0.17/turn               k - ring of poison resistance

@: marked, on berserk cooldown, invisible
A: no striking features
a: Renounce Religion, Berserk, Trog's Hand


You were on level 1 of the Lair of Beasts.
You worshipped Trog.
Trog was pleased with you.
You visited 3 branches of the dungeon, and saw 10 of its levels.
You also visited: Sewer.

You collected 389 gold pieces.
You spent 48 gold pieces at shops.

Inventory:

Hand Weapons
 a - a +0 war axe (weapon)
 g - a +0 morningstar
 z - a +0 hammer
Missiles
 j - 2 poisoned darts (quivered)
 x - 4 boomerangs
 y - a curare-tipped dart
 D - 2 throwing nets
Armour
 c - a +0 buckler (worn)
 e - a +0 cloak (worn)
 l - a +0 plate armour (worn)
 m - a +0 pair of gloves (worn)
 s - a +2 helmet of see invisible (worn)
 w - +0 steam dragon scales
 J - a +0 pair of boots (worn)
Jewellery
 k - a ring of poison resistance (right hand)
 o - a ring of magical power (left hand)
Wands
 r - a wand of flame (2)
 K - a wand of polymorph (19)
Scrolls
 n - 2 scrolls of teleportation {unknown}
 u - 4 scrolls of amnesia
 B - a scroll of enchant weapon {unknown}
 C - a scroll of magic mapping
 I - a scroll of torment {unknown}
 M - a scroll of noise {unknown}
Potions
 b - 2 potions of brilliance
 d - a potion of might
 f - 2 potions of curing
 h - 5 potions of flight
 i - a potion of degeneration {unknown}
 p - 2 potions of lignification
 v - a potion of ambrosia {unknown}
 A - 2 potions of invisibility
 E - 3 potions of magic
 F - a potion of cancellation {unknown}
 G - 3 potions of haste {unknown}


   Skills:
 + Level 8.8 Fighting
 * Level 16.5(16.6) Axes
 + Level 1.5(9.2) Maces & Flails
 + Level 4.3 Throwing
 + Level 8.6 Armour
 + Level 1.7 Dodging
 + Level 5.5 Shields
 + Level 2.9 Evocations


You had 10 spell levels left.
You didn't know any spells.
Your spell library contained the following spells:

 Spells                   Type           Power      Damage    Failure   Level
 Scorch                   Fire           0%         2d5       100%        2
 Sublimation of Blood     Necr           0%         N/A       100%        2
 Wereblood                Tmut           0%         N/A       100%        2
 Conjure Flame            Conj/Fire      0%         6-21      100%        3
 Gell's Gravitas          Tloc           0%         N/A       100%        3
 Ignite Poison            Fire/Tmut/Pois 0%         N/A       100%        3
 Teleport Other           Tloc           0%         N/A       100%        3
 Flame Wave               Conj/Fire      0%         2d4       100%        4
 Sticky Flame             Conj/Fire      0%         2d3       100%        4
 Dispersal                Tloc           0%         N/A       100%        6
 Summon Cactus Giant      Summ           0%         N/A       100%        6
 Summon Hydra             Summ           0%         N/A       100%        7
 Borgnjor's Revivificati  Necr           0%         N/A       100%        8
 Necromutation            Tmut/Necr      0%         N/A       100%        8
 Death's Door             Necr           0%         N/A       100%        9


Dungeon Overview and Level Annotations

Branches:
Dungeon (8/15)             Temple (1/1) D:7            Lair (1/5) D:8
  Sewer (visited)

Altars:
Ashenzari
Cheibriados
Dithmenos
Elyvilon
Fedhas
Gozag
Kikubaaqudgha
Makhleb
Nemelex Xobeh
Okawaru
Ru
Sif Muna
Trog
Uskayaw
Vehumet
Wu Jian
Yredelemnul
Zin

Shops:
D:5 *   D:8 (

Portals:
Abyss: D:3

Annotations:
D:1 1 transporter
D:3 2 transporters, zielscheibe's ghost, amateur OpTm


Message History

The blink frog blinks!
The blink frog attacks as you move away!
The blink frog hits you but does no damage.
A cane toad comes into view.
You feel yourself speed up.
The blink frog hits you but does no damage.
The blink frog blinks!
The blink frog barely misses you. You block the black bear's attack.
The black bear claws you.
* * * LOW HITPOINT WARNING * * *
The black bear claws you but does no damage.
The blink frog blinks!
The black bear attacks as you move away!
The black bear bites you but does no damage.
The black bear claws you but does no damage. x2
The blink frog hits you but does no damage.
The blink frog closely misses you.
You hit the blink frog.
The blink frog is moderately wounded.
You hit the blink frog. The blink frog hits you.
* * * LOW HITPOINT WARNING * * *
The blink frog hits you but does no damage.
You feel better.
The blink frog hits you but does no damage.
The blink frog barely misses you.
You miss the blink frog.
The blink frog is moderately wounded.
You hit the blink frog but do no damage.
The blink frog hits you but does no damage.
The blink frog hits you.
* * * LOW HITPOINT WARNING * * *
You hit the blink frog.
The blink frog is heavily wounded.
You hit the blink frog.
The blink frog hits you but does no damage.
The blink frog hits you!
* * * LOW HITPOINT WARNING * * *
The blink frog blinks! x2
You fade into invisibility!
The blink frog hits you.
You die...

#..##
#.....}....
##..##
##...).....
##..###
##..........
###..##
###..#........
##..##
###.F###........
##..### ##...##
##.#P.... #....#
#....# ########
###..## ##F.###
##ยง.####@#.#
##...YF####
##.....Y.##
#.....#...##
#.....##...##
##.....##...##
#.F[..###..P#
### ##.....#
#...## ###.#
#..##### ###..##
##.#..


You could see 2 yaks, a cane toad (unable to see you) and 3 blink frogs.

Vanquished Creatures
  A hydra (Lair:1)
  A two-headed ogre (D:6)
  A catoblepas (Lair:1)
  A deep elf pyromancer (D:7)
  2 cane toads
  4 komodo dragons (Lair:1)
  2 trolls
  A slime creature (Lair:1)
  2 blink frogs (Lair:1)
  8 yaks
  A basilisk (Lair:1)
  2 steam dragons (D:7)
  A vampire mosquito (D:7)
  A water moccasin (D:7)
  An orc warrior (D:7)
  2 ice beasts (D:6)
  A black bear (Lair:1)
  2 wolves
  5 centaurs
  A phantom (D:5)
  2 kobold brigands
  4 bullfrogs
  4 scorpions
  A necrophage (D:5)
  8 wights
  4 killer bees (D:7)
  4 electric eels (D:8)
  A howler monkey (D:5)
  11 jellies
  Crazy Yiuf (D:4)
  9 hounds
  4 orc wizards
  3 iguanas
  Natasha (thrice) (D:4)
  Ijyb (D:3)
  Robin (D:3)
  9 adders
  4 gnolls (D:5)
  10 river rats
  A shadow imp (D:7)
  2 white imps (D:7)
  2 worms
  2 dart slugs (D:2)
  33 orcs
  17 endoplasms
  3 giant cockroaches
  11 goblins
  11 hobgoblins
  9 jackals
  4 quokkas
  14 ball pythons
  6 bats
  7 frilled lizards
  22 kobolds
  28 rats
296 creatures vanquished.

Vanquished Creatures (others)
  An orc wizard (D:7)
  2 orcs (D:7)
  2 kobolds (D:8)
  15 fungi
  9 plants
29 creatures vanquished.

Grand Total: 325 creatures vanquished

Notes
Turn   | Place    | Note
-------+----------+-------------------------------------------
     0 | D:1      | LabCoat the Hill Orc Fighter began the quest for the Orb.
     0 | D:1      | Reached XP level 1. HP: 19/19 MP: 1/1
   163 | D:1      | Reached XP level 2. HP: 25/27 MP: 2/2
   164 | D:1      | Reached skill level 3 in Axes
   210 | D:1      | Found a faded altar of an unknown god.
   821 | D:2      | Reached XP level 3. HP: 33/33 MP: 3/3
  1059 | D:2      | Reached skill level 4 in Axes
  1447 | D:2      | Found a snail-covered altar of Cheibriados.
  1593 | D:2      | Reached XP level 4. HP: 40/40 MP: 4/4
  1961 | D:3      | Noticed Ijyb
  1973 | D:3      | Killed Ijyb
  1974 | D:3      | Reached skill level 5 in Axes
  2097 | D:3      | Noticed Robin
  2119 | D:3      | Killed Robin
  2120 | D:3      | Reached XP level 5. HP: 29/46 MP: 5/5
  2482 | D:3      | Found a transporter.
  2494 | D:3      | Noticed a small abomination
  2504 | D:3      | Found a transporter.
  2580 | D:3      | Found a one-way gate to the infinite horrors of the Abyss.
  2580 | D:3      | Noticed zielscheibe's ghost (amateur OpTm)
  2841 | D:4      | Reached skill level 6 in Axes
  2892 | D:4      | Reached XP level 6. HP: 47/53 MP: 6/6
  2971 | D:4      | Noticed Natasha
  2982 | D:4      | Killed Natasha
  2995 | D:4      | Noticed Natasha
  3004 | D:4      | Killed Natasha
  3205 | D:4      | Noticed Natasha
  3212 | D:4      | Killed Natasha
  3213 | D:4      | Reached skill level 7 in Axes
  3427 | D:4      | Found a runed translucent door.
  3428 | D:4      | Noticed Crazy Yiuf
  3441 | D:4      | Killed Crazy Yiuf
  3672 | D:4      | Reached skill level 5 in Fighting
  3672 | D:4      | Reached XP level 7. HP: 61/61 MP: 7/7
  3860 | D:5      | Entered Level 5 of the Dungeon
  3888 | D:5      | Reached skill level 8 in Axes
  3888 | D:5      | Reached skill level 1 in Throwing
  3970 | D:5      | Found Riczoow's General Store.
  3981 | D:5      | Bought a scroll of identify for 24 gold pieces
  3981 | D:5      | Bought a scroll of identify for 24 gold pieces
  4224 | D:5      | Reached skill level 9 in Axes
  4513 | D:5      | Identified the +1 robe of Antique Leaves {rC+}
  4761 | D:5      | Reached XP level 8. HP: 67/68 MP: 8/8
  4900 | D:6      | Found a glowing drain.
  4918 | Sewer    | Entered a sewer
  5678 | D:6      | Reached skill level 10 in Axes
  5992 | D:6      | Noticed a yak
  5992 | D:6      | Noticed a yak
  5992 | D:6      | Noticed a yak
  5992 | D:6      | Noticed a yak
  5992 | D:6      | Noticed a yak
  5993 | D:6      | Noticed a yak
  6000 | D:6      | Killed a yak
  6024 | D:6      | Killed a yak
  6025 | D:6      | Reached skill level 5 in Armour
  6036 | D:6      | Killed a yak
  6037 | D:6      | Reached skill level 11 in Axes
  6042 | D:6      | Killed a yak
  6043 | D:6      | Reached XP level 9. HP: 51/78 MP: 9/9
  6054 | D:6      | Reached skill level 12 in Axes
  6634 | D:6      | Reached skill level 13 in Axes
  7360 | D:7      | Found a basalt altar of Yredelemnul.
  7498 | D:7      | Reached skill level 1 in Dodging
  7500 | D:7      | Found a staircase to the Ecumenical Temple.
  7657 | Temple   | Entered the Ecumenical Temple
  7662 | Temple   | Became a worshipper of Trog the Wrathful
  8081 | D:7      | Reached skill level 14 in Axes
  8081 | D:7      | Reached XP level 10. HP: 86/86 MP: 10/10
  8107 | D:7      | Noticed a deep elf pyromancer
  8107 | D:7      | Noticed a two-headed ogre
  8122 | D:7      | Reached skill level 5 in Shields
  8323 | D:6      | Killed a two-headed ogre
  8706 | D:7      | Killed a deep elf pyromancer
  8718 | D:7      | Reached skill level 15 in Axes
  9220 | D:8      | Reached * piety under Trog
  9956 | D:8      | Found a staircase to the Lair.
 10221 | D:8      | Found Fol Ofuu's Antique Weapon Shop.
 10230 | D:8      | Reached skill level 1 in Evocations
 10565 | Lair:1   | Entered Level 1 of the Lair of Beasts
 10582 | Lair:1   | Identified the +0 hat of the Eleven Wars {Dex+3}
 10617 | Lair:1   | Noticed a cane toad
 10623 | Lair:1   | Noticed a five-headed hydra
 10644 | D:8      | Killed a cane toad
 10645 | D:8      | Reached XP level 11. HP: 68/94 MP: 11/11
 10756 | Lair:1   | Killed a five-headed hydra
 11119 | Lair:1   | Reached skill level 1 in Maces & Flails
 11551 | Lair:1   | Reached skill level 16 in Axes
 11679 | Lair:1   | Noticed a catoblepas
 11688 | Lair:1   | Killed a catoblepas
 11743 | Lair:1   | Reached ** piety under Trog
 11782 | Lair:1   | HP: 3/95 [blink frog (13)]
 11783 | Lair:1   | Slain by a blink frog

Illustrated notes

Levels and vault maps discovered:
D:1:      spicycebolla_arrival_transporter_tutorial, layout_basic,
          basic_ecumenical_altar
D:2:      kennysheep_six_static_rooms, layout_loops_ring, basic_altar
D:3:      layout_loops_ring, gammafunk_ghost_abyssal_escape, uniq_robin,
          uniq_ijyb
D:4:      layout_basic, uniq_natasha, uniq_crazy_yiuf_cottage
D:5:      layout_loops_ring, serial_shops, shop, minmay_misc_feat_ornament,
          grunt_ministairs_14, grunt_decor_cap
D:6:      layout_basic, serial_aquarium, aquarium_bridge_square
          [aquarium_subvault_wall, aquarium_subvault_window,
          aquarium_subvault_bridge, aquarium_subvault_window],
          aquarium_bridge_straight [aquarium_subvault_bridge,
          aquarium_subvault_window, aquarium_subvault_bridge,
          aquarium_subvault_wall], aquarium_window_1, aquarium_window_2,
          aquarium_window_fake, aquarium_view_2f, aquarium_balcony_1b,
          aquarium_pool_corner, portal_sewer_entry_c, lexackson_kobold_supper
D:7:      minmay_chambers_of_sevens, layout_cave_pools,
          mainiacjoe_overflow_boulevard, minmay_temple_entry_large_hall,
          minmay_misc_feat_square, amcnicky_mini_corridor_feature
D:8:      layout_rooms, erik_lair_island, serial_shops,
          nicolae_inconvenience_store
Temple:   nicolae_temple_bog_church
Lair:1:   lemuel_slime, layout_cave_pods, beast_lair_carwin_5

Skill      XL: |  1  2  3  4  5  6  7  8  9 10 11 |
---------------+----------------------------------+-----
Axes           | 3 4 5 6 7 9 11 14 15 16 | 16.5
Fighting       | 4 5 6 7 8 |  8.8
Armour         | 4 5 6 8 |  8.6
Throwing       | 1 2 3 4 |  4.3
Shields        | 4 5 |  5.5
Dodging        | 1 |  1.7
Evocations     | 1 2 |  2.9
Maces & Flails | 1 |  1.5

Action                   |  1- 3 |  4- 6 |  7- 9 | 10-12 || total
-------------------------+-------+-------+-------+-------++-------
Melee: War axe           |   100 |   163 |   434 |   236 ||   933
       Morningstar       |       |       |       |    13 ||    13
Throw: Dart              |    40 |    11 |    33 |    33 ||   117
       Boomerang         |       |       |       |    22 ||    22
       Throwing net      |       |       |       |     4 ||     4
Invok: Berserk           |       |       |       |     2 ||     2
Evoke: Wand              |       |       |     1 |    39 ||    40
  Use: Scroll            |     3 |     2 |     8 |     5 ||    18
       Potion            |       |     1 |     4 |     7 ||    12
 Stab: Invisible         |       |     1 |       |       ||     1
Armor: Scale mail        |    18 |       |       |       ||    18
       Chain mail        |    15 |       |       |       ||    15
       Plate armour      |    18 |   121 |   284 |   185 ||   608
Dodge: Dodged            |    33 |    32 |    90 |    95 ||   250
Block: Buckler           |    18 |    36 |    96 |    58 ||   208
